 Dungeon Crawl Stone Soup version 0.30.0-5-g1a98f26d00 (webtiles) character file.

Game seed: 6579796779276267085

16466 qeuew the Protected (level 12, -14/107 HPs)
             Began as a Minotaur Fighter on May 8, 2023.
             Was a High Priest of Dithmenos.
             Killed from afar by Jorgrun (44 damage)
             ... with an iron shot
             ... on level 2 of the Orcish Mines.
             The game lasted 00:13:07 (8850 turns).

qeuew the Protected (Minotaur Fighter)              Turns: 8850, Time: 00:13:08

Health: -14/107    AC: 13    Str: 23    XL:     12   Next: 10%
Magic:  11/11      EV: 21    Int:  4    God:    Dithmenos [*****.]
Gold:   1198       SH:  7    Dex: 16    Spells: 11/11 levels left

rFire   . . .        h - +1 hand axe "Vatocvorph" {drain, SInv}
rCold   . . .        c - +0 buckler
rNeg    . . .        b - +0 scale mail
rPois   .            (helmet restricted)
rElec   .            j - +2 cloak
rCorr   .            (no gloves)
SInv    +            (no boots)
Will    .....        r - amulet of regeneration Stlth
                     k - +5 ring of evasion
HPRegen 1.17/turn    l - +5 ring of evasion
MPRegen 0.12/turn

%: no passive effects
@: grasped by roots, wreathed by umbra, constricted
A: horns 2, retaliatory headbutt, agile 1, wild magic 1
a: Renounce Religion, Shadow Step, Shadow Form


You were on level 2 of the Orcish Mines.
You worshipped Dithmenos.
Dithmenos was extremely pleased with you.
You visited 2 branches of the dungeon, and saw 12 of its levels.
You also visited: Volcano.

You collected 1198 gold pieces.

Inventory:

Hand Weapons
 h - the +1 hand axe "Vatocvorph" (weapon) {drain, SInv}
   (You found it on level 2 of the Dungeon)

   SInv:      It lets you see invisible.
 p - a +4 war axe
Armour
 b - a +0 scale mail (worn)
 c - a +0 buckler (worn)
 j - a +2 cloak (worn)
Jewellery
 i - a ring of resist corrosion
 k - a +5 ring of evasion (left hand)
 l - a +5 ring of evasion (right hand)
 r - an amulet of regeneration (around neck)
Wands
 s - a wand of flame (24)
 u - a wand of paralysis (10)
 x - a wand of mindburst (6)
 y - a wand of polymorph (6)
Scrolls
 a - 2 scrolls of identify
 g - 8 scrolls of teleportation
 n - 4 scrolls of blinking
 o - 3 scrolls of fear
 q - a scroll of enchant weapon
 v - a scroll of enchant armour
 w - a scroll of magic mapping
 z - a scroll of vulnerability {unknown}
 A - a scroll of amnesia
Potions
 d - a potion of invisibility
 e - a potion of curing
 f - a potion of heal wounds
 m - 2 potions of haste
 t - a potion of cancellation
 C - 2 potions of resistance {unknown}


   Skills:
 + Level 10.4 Fighting
 + Level 10.1 Axes
 * Level 14.2 Armour
 + Level 9.0 Dodging
 + Level 10.5 Shields


You had 11 spell levels left.
You didn't know any spells.
Your spell library contained the following spells:

 Spells                   Type           Power      Damage    Failure   Level
 Summon Guardian Golem    Hex/Summ       0%         N/A       99%         3
 Blade Hands              Tmut           0%         N/A       100%        5
 Irradiate                Conj/Tmut      0%         3d11      100%        5
 Iskenderun's Battlesphe  Conj           0%         2d6       100%        5
 Iron Shot                Conj/Erth      0%         9d1       100%        6
 Dragon Form              Tmut           0%         N/A       100%        7
 Orb of Destruction       Conj           0%         9d5       100%        7
 Spellforged Servitor     Conj/Summ      0%         N/A       100%        7


Dungeon Overview and Level Annotations

Branches:
Dungeon (10/15)            Temple (0/1) D:5             Orc (2/2) D:10
    Elf (0/3) Orc:2       Volcano (visited)
   Lair: D:8-11

Altars:
Ashenzari
Dithmenos
Gozag
Hepliaklqana
Makhleb
Nemelex Xobeh
Ru
Sif Muna
Uskayaw
Wu Jian
The Shining One

Shops:
D:10 *   Orc:1 (

Annotations:
Orc:2 Jorgrun


Innate Abilities, Weirdness & Mutations

You have a pair of horns on your head.
You reflexively headbutt those who attack you in melee.
You are agile. (Dex +4, Str/Int -1)
Your spells are a little harder to cast, but a little more powerful.


Message History

The grasping roots constrict you!
You closely miss Jorgrun. Your headbutt misses Jorgrun.
Jorgrun is moderately wounded.
You hit Jorgrun. You drain Jorgrun.
Jorgrun is moderately wounded.
Jorgrun gestures at you while chanting. The iron shot hits you!!!
* * * LOW HITPOINT WARNING * * *
You emit a cloud of dark smoke.
The grasping roots constrict you.
* * * LOW HITPOINT WARNING * * *
You feel much better.
Jorgrun hits you with a +0 heavy quarterstaff!!
* * * LOW HITPOINT WARNING * * *
The grasping roots constrict you!
* * * LOW HITPOINT WARNING * * *
You feel much better. Jorgrun barely misses you. You furiously retaliate!
You headbutt Jorgrun. The grasping roots constrict you.
* * * LOW HITPOINT WARNING * * *
You feel much better.
You feel much better. Jorgrun misses you. You furiously retaliate!
You headbutt Jorgrun! The grasping roots constrict you.
You slash Jorgrun! You drain Jorgrun.
Jorgrun is heavily wounded.
Your shadow closely misses Jorgrun.
Jorgrun misses you. The grasping roots constrict you.
You hit Jorgrun. You drain Jorgrun. You headbutt Jorgrun.
Jorgrun is severely wounded.
Your shadow closely misses Jorgrun.
You slash Jorgrun! Your headbutt misses Jorgrun.
Jorgrun is severely wounded.
Jorgrun points next to you and mumbles some strange words.
The wall shatters!
The blast of rock fragments hits you!! The grasping roots constrict you!
* * * LOW HITPOINT WARNING * * *
You hear a shout! x4
You barely miss Jorgrun.
Jorgrun is severely wounded.
Jorgrun points at you and mumbles some strange words.
The iron shot hits you!!!
You die...

....... .......
o......# ##.....#
#.....####
#§§§.....#
#####g§§#....##
#..§§@§# ....##
##..§§§## #....###
#...§§..####......#
#........##).<....#
##......)))).....##
##.$....))).#..##
##......$.#####
##........#
##.......#


You could see Jorgrun (drained).

Vanquished Creatures
  The ghost of browni3141 the Black Sun, a journeyman BaNe of Kikubaaqudgha (D:9)
  Erica (D:9)
  3 two-headed ogres
  A hell hog (Volcano)
  A tengu warrior (D:8)
  Pikel (D:9)
  A manticore (D:8)
  A salamander (Volcano)
  Maurice (D:9)
  2 unseen horrors
  A kobold demonologist (D:10)
  A troll (D:9)
  3 hornets
  Prince Ribbit (D:9)
  A slime creature (D:8)
  3 spriggans (D:9)
  A shadow (D:9)
  2 wyverns
  15 yaks
  Eustachio (D:5)
  4 water moccasins
  Duvessa (D:7)
  4 hell hounds
  A sky beast (D:7)
  2 ice beasts
  9 orc warriors
  A wolf (D:9)
  The ghost of 13Fox the Slasher, an amateur DsGl (D:3)
  6 ogres
  5 centaurs
  5 kobold brigands
  A bullfrog (D:8)
  Dowan (D:7)
  4 wights (D:9)
  8 killer bees
  3 howler monkeys
  3 jellies
  14 orc priests
  5 hounds
  2 gnoll boudas (D:5)
  3 iguanas
  12 orc wizards
  15 gnolls
  5 adders
  A shadow imp (D:5)
  A white imp (D:6)
  An ufetubus (D:5)
  3 worms
  3 dart slugs
  52 orcs
  11 ball pythons
  5 endoplasms
  A giant cockroach (D:1)
  7 goblins
  8 hobgoblins
  12 jackals
  18 kobolds
  A quokka (D:1)
  7 bats
  2 frilled lizards
  5 rats
295 creatures vanquished.

Notes
Turn   | Place    | Note
-------+----------+-------------------------------------------
     0 | D:1      | qeuew the Minotaur Fighter began the quest for the Orb.
     0 | D:1      | Reached XP level 1. HP: 19/19 MP: 0/0
    77 | D:1      | Reached XP level 2. HP: 26/27 MP: 1/1
   147 | D:1      | Reached skill level 4 in Armour
   450 | D:1      | Reached XP level 3. HP: 30/33 MP: 2/2
   497 | D:1      | Reached skill level 1 in Dodging
   966 | D:2      | Identified the +1 hand axe "Vatocvorph" {drain, SInv}
  1088 | D:2      | Found a faded altar of an unknown god.
  1114 | D:2      | Prayed at the altar of an unknown god.
  1114 | D:2      | Became a worshipper of Dithmenos the Shadowed
  1114 | D:2      | Reached * piety under Dithmenos
  1300 | D:3      | Reached XP level 4. HP: 40/40 MP: 3/3
  1417 | D:3      | Reached ** piety under Dithmenos
  1603 | D:3      | Found a transporter.
  1604 | D:3      | Noticed 13Fox's ghost (amateur DsGl)
  1604 | D:3      | Noticed an ogre
  1716 | D:3      | Found a sacrificial altar of Ru.
  1841 | D:3      | Noticed an ogre
  2025 | D:4      | Noticed an ogre
  2030 | D:4      | Reached skill level 5 in Armour
  2030 | D:4      | Reached XP level 5. HP: 46/46 MP: 4/4
  2034 | D:4      | Killed an ogre
  2044 | D:4      | Reached XP level 6. HP: 24/53 MP: 5/5
  2307 | D:4      | Found a burning altar of Makhleb.
  2309 | D:4      | Found a sparkling altar of Nemelex Xobeh.
  3103 | D:5      | Entered Level 5 of the Dungeon
  3275 | D:5      | Noticed a wyvern
  3281 | D:5      | Reached skill level 6 in Armour
  3284 | D:5      | Reached skill level 5 in Shields
  3286 | D:5      | Killed a wyvern
  3287 | D:5      | Reached skill level 5 in Fighting
  3287 | D:5      | Reached XP level 7. HP: 48/61 MP: 6/6
  3571 | D:5      | Found a hazy altar of Hepliaklqana.
  3579 | D:5      | Noticed Eustachio
  3599 | D:5      | Killed Eustachio
  3600 | D:5      | Reached skill level 7 in Armour
  3630 | D:5      | Reached skill level 5 in Axes
  3881 | D:5      | Found a staircase to the Ecumenical Temple.
  4012 | D:5      | Gained mutation: You occasionally lose the ability to read
                  | scrolls when taking damage. [potion of mutation]
  4012 | D:5      | Gained mutation: You have sharp toenails. [potion of
                  | mutation]
  4053 | D:6      | Reached XP level 8. HP: 70/70 MP: 7/7
  4153 | D:6      | Found a broken altar of Ashenzari.
  4325 | D:6      | Found a shimmering blue altar of Sif Muna.
  4426 | D:6      | Found a glowing golden altar of the Shining One.
  4611 | D:3      | Found a transporter.
  4618 | D:3      | Reached skill level 8 in Armour
  4630 | D:3      | Killed 13Fox's ghost
  4714 | D:7      | Reached *** piety under Dithmenos
  4773 | D:7      | Noticed Dowan
  4783 | D:7      | Reached skill level 5 in Dodging
  4786 | D:7      | Reached skill level 9 in Armour
  4786 | D:7      | Reached XP level 9. HP: 59/78 MP: 8/8
  4802 | D:7      | Killed Dowan
  4804 | D:7      | Noticed Duvessa
  4813 | D:7      | Killed Duvessa
  5873 | D:8      | Noticed a tengu warrior
  5874 | D:8      | Noticed a manticore
  5898 | D:8      | Killed a tengu warrior
  5899 | D:8      | Reached skill level 10 in Armour
  5917 | D:8      | Killed a manticore
  5918 | D:8      | Reached XP level 10. HP: 76/88 MP: 9/9
  6015 | D:8      | Found a hide-covered altar of Uskayaw.
  6048 | D:8      | Reached **** piety under Dithmenos
  6383 | D:9      | Paralysed by a hornet for 1 turns
  6402 | D:9      | Reached skill level 11 in Armour
  6450 | D:9      | Found an ornate altar of the Wu Jian Council.
  6638 | D:9      | Noticed a two-headed ogre
  6652 | D:9      | Killed a two-headed ogre
  6658 | D:9      | Reached skill level 12 in Armour
  6866 | D:9      | Noticed Maurice
  6871 | D:9      | Reached ***** piety under Dithmenos
  6878 | D:9      | Noticed Erica
  6886 | D:9      | Killed Maurice
  6887 | D:9      | Reached XP level 11. HP: 55/97 MP: 10/10
  6895 | D:9      | Killed Erica
  6942 | D:9      | Noticed Pikel
  6953 | D:9      | Killed Pikel
  7122 | D:9      | Noticed Prince Ribbit
  7131 | D:9      | Killed Prince Ribbit
  7184 | D:9      | Paralysed by a hornet for 2 turns
  7203 | D:9      | Found a runed translucent door.
  7207 | D:9      | Noticed browni3141's ghost (journeyman BaNe)
  7207 | D:9      | Identified the +10 spear of Wixt {heavy, *Noise Will+++
                  | Str+9 Dex-3}
  7242 | D:9      | Killed browni3141's ghost
  7243 | D:9      | Reached skill level 13 in Armour
  7398 | D:10     | Entered Level 10 of the Dungeon
  7634 | D:10     | Found Gozag's Platinum Reserve.
  7634 | D:10     | Found an opulent altar of Gozag.
  7636 | D:10     | Lost mutation: You occasionally lose the ability to read
                  | scrolls when taking damage. [potion of mutation]
  7636 | D:10     | Lost mutation: You have sharp toenails. [potion of
                  | mutation]
  7636 | D:10     | Gained mutation: You occasionally lose the ability to drink
                  | potions when taking damage. [potion of mutation]
  7636 | D:10     | Gained mutation: Your flesh is heat resistant. (rF+)
                  | [potion of mutation]
  7636 | D:10     | Gained mutation: Your body sometimes deteriorates upon
                  | taking damage. [potion of mutation]
  7840 | D:10     | Reached skill level 10 in Shields
  7898 | D:10     | Found a staircase to the Orcish Mines.
  7989 | Orc:1    | Entered Level 1 of the Orcish Mines
  8027 | Orc:1    | Found a dark tunnel.
  8042 | Volcano  | Entered a volcano
  8066 | Volcano  | Noticed a two-headed ogre
  8067 | Volcano  | Noticed a hell hog
  8074 | Volcano  | Killed a two-headed ogre
  8075 | Volcano  | Reached skill level 10 in Fighting
  8092 | Volcano  | Killed a hell hog
  8099 | Volcano  | Lost mutation: Your body sometimes deteriorates upon taking
                  | damage. [potion of mutation]
  8099 | Volcano  | Lost mutation: You occasionally lose the ability to drink
                  | potions when taking damage. [potion of mutation]
  8099 | Volcano  | Lost mutation: Your flesh is heat resistant. (rF+) [potion
                  | of mutation]
  8099 | Volcano  | Gained mutation: You are dopey. (Int -2) [potion of
                  | mutation]
  8099 | Volcano  | Gained mutation: Potions are less effective at restoring
                  | your health. [potion of mutation]
  8099 | Volcano  | Gained mutation: You are resistant to electric shocks.
                  | (rElec) [potion of mutation]
  8198 | Volcano  | Lost mutation: You are dopey. (Int -2) [potion of mutation]
  8198 | Volcano  | Lost mutation: Potions are less effective at restoring your
                  | health. [potion of mutation]
  8198 | Volcano  | Lost mutation: You are resistant to electric shocks.
                  | (rElec) [potion of mutation]
  8198 | Volcano  | Gained mutation: Your spells are a little harder to cast,
                  | but a little more powerful. [potion of mutation]
  8198 | Volcano  | Gained mutation: You are agile. (Dex +4, Str/Int -1)
                  | [potion of mutation]
  8230 | Volcano  | Noticed a two-headed ogre
  8243 | Volcano  | Killed a two-headed ogre
  8244 | Volcano  | Reached skill level 14 in Armour
  8244 | Volcano  | Reached XP level 12. HP: 88/106 MP: 11/11
  8427 | Orc:1    | Reached skill level 10 in Axes
  8553 | Orc:1    | Found Vykhlac's Weapon Boutique.
  8761 | Orc:2    | Entered Level 2 of the Orcish Mines
  8761 | Orc:2    | Found a staircase to the Elven Halls.
  8828 | Orc:2    | Noticed Jorgrun
  8850 | Orc:2    | Killed from afar by Jorgrun

Illustrated notes

Levels and vault maps discovered:
D:1:      onia_arrival_mini_maze_b, layout_rooms, serial_curves, eino_curves_04,
          eino_curves_02, minmay_statues_item
D:2:      layout_basic, ebering_ecumenical_altar_sacrificial
D:3:      layout_basic, lemuel_doored_altar, gammafunk_ghost_smash
D:4:      layout_layer_cave, chequers_temple_overflow_statue_of_worship
D:5:      layout_loops_cross, lemuel_tele_altar, temple_green, serial_rivers,
          chequers_serial_rivers_small_b, chequers_serial_rivers_large_a,
          chequers_serial_rivers_micro_b, chequers_serial_rivers_micro_d,
          nicolae_titane, uniq_eustachio
D:6:      layout_rooms, nicolae_ashenzari_skybound, led_sif_pool,
          kennysheep_mini, chequers_serial_rivers_marsh
D:7:      layout_rooms, uniq_duvessa
D:8:      minmay_chambers_of_sixes, layout_loops_ring,
          mainiacjoe_overflow_boulevard, serial_co_window_serial,
          co_window_paths_b, co_window_paths_a, co_window_paths_b,
          co_window_corner_a, co_window_corner_a, co_window_paths_a,
          co_window_of_opportunity_a, co_window_paths_a, co_window_corner_a,
          co_window_broadway_b, co_window_broadway_b, co_window_unsneaky_path_d,
          co_window_paths_c, co_window_unsneaky_path_d, glass_columns_c,
          glass_columns_c, glass_columns_a, glass_columns_b
D:9:      minmay_angry_zag, layout_long_grid, nicolae_wu_jian_wuxing_cycle,
          ebering_ghost_funeral_grove, uniq_prince_ribbit1, uniq_maurice,
          uniq_erica, uniq_pikel
D:10:     layout_roguey, nicolae_gozag_zags_fifth_avenue, orc_0_dummy
Orc:1:    layout_diamond_mine, serial_shops, nicolae_shop_bloodbath_and_beyond,
          enter_volcano_3
Orc:2:    st_orc_open, layout_diamond_mine, uniq_erolcha, uniq_donald,
          uniq_jorgrun, uniq_sonja

Skill      XL: |  1  2  3  4  5  6  7  8  9 10 11 12 |
---------------+-------------------------------------+-----
Armour         | 4 5 6 7 9 10 12 14 | 14.2
Shields        | 4 5 6 7 9 10 | 10.5
Dodging        | 1 2 3 5 6 7 8 9 |  9.0
Axes           | 3 4 5 6 7 8 9 10 | 10.1
Fighting       | 4 5 6 7 9 10 | 10.4

Action                     |  1- 3 |  4- 6 |  7- 9 | 10-12 || total
---------------------------+-------+-------+-------+-------++-------
  Melee: War axe           |    95 |       |       |       ||    95
         Headbutt          |     9 |    17 |    43 |    80 ||   149
         Hand axe          |    20 |    79 |   228 |   357 ||   684
         Kick              |       |       |    58 |    61 ||   119
    Use: Scroll            |     8 |     2 |     4 |     3 ||    17
         Potion            |     2 |     1 |     1 |    10 ||    14
 Armour: Scale mail        |    60 |    14 |    43 |    40 ||   157
  Dodge: Dodged            |    78 |    78 |   205 |   332 ||   693
  Block: Buckler           |    20 |    16 |    56 |    92 ||   184
